 Dungeon Crawl Stone Soup version 0.28-a0-657-g71136c5590 (webtiles) character file.

Game seed: 12872394236583989076

6019 bande the Cleaver (level 10, 0/63 HPs)
             Began as a Gargoyle Fighter on Oct 14, 2021.
             Was an Initiate of Okawaru.
             Slain by an orc warrior (11 damage)
             ... on level 7 of the Dungeon.
             The game lasted 00:22:18 (9350 turns).

bande the Cleaver (Gargoyle Fighter)                Turns: 9350, Time: 00:22:18

Health: 0/63       AC: 31    Str: 21    XL:     10   Next: 86%
Magic:  10/10      EV:  6    Int:  9    God:    Okawaru [......]
Gold:   205        SH:  6    Dex: 11    Spells: 8/9 levels left

rFire   . . .      SeeInvis .   w - +3 broad axe (vamp)
rCold   . . .      Faith    .   c - +1 buckler
rNeg    + . .      Spirit   .   i - +0 plate armour
rPois   ∞          Reflect  .   (no helmet)
rElec   +          Harm     .   y - +2 cloak
rCorr   .          Rampage  .   (no gloves)
Will    .....                   (no boots)
Stlth   ..........              (no amulet)
HPRegen 0.20/turn               k - +4 ring of protection
MPRegen 0.12/turn               A - +4 ring of protection

@: no status effects
A: sickness immunity, AC +7, negative energy resistance 1, electricity
resistance, torment resistance 1, petrification resistance
a: Renounce Religion


You were on level 7 of the Dungeon.
You worshipped Okawaru.
Okawaru was noncommittal.
You visited 2 branches of the dungeon, and saw 10 of its levels.
You also visited: Ossuary.

You collected 205 gold pieces.

Inventory:

Hand Weapons
 a - a +0 war axe
 g - a +0 morningstar
 w - a +3 vampiric broad axe (weapon)
Missiles
 B - 2 throwing nets (quivered)
Armour
 c - a +1 buckler (worn)
 f - a +0 kite shield
 i - a +0 plate armour (worn)
 x - the +0 robe "Iskuxto" {Fly rF+ Str+6 Int-5}
   (You found it on level 6 of the Dungeon)

   Str:       It affects your strength (+6).
   Int:       It affects your intelligence (-5).
   rF:        It protects you from fire.
   Fly:       It grants you flight.
 y - a +2 cloak (worn)
Jewellery
 j - an amulet of faith
 k - a +4 ring of protection (left hand)
 u - a +4 ring of evasion
 A - a +4 ring of protection (right hand)
Wands
 n - a wand of flame (19)
 o - a wand of polymorph (2)
 q - a wand of iceblast (5)
 t - a wand of paralysis (8)
Scrolls
 b - 2 scrolls of magic mapping
 r - a scroll of fear
 s - 2 scrolls of teleportation
 z - a scroll of enchant armour
Potions
 d - 3 potions of might
 e - 6 potions of brilliance
 h - 6 potions of curing
 l - 2 potions of magic
 m - 3 potions of cancellation
 p - a potion of berserk rage
 v - a potion of haste
 C - a potion of flight
 E - a potion of mutation {unknown}


   Skills:
 + Level 7.2 Fighting
 + Level 9.5 Axes
 + Level 7.1 Armour
 + Level 6.1 Shields
 * Level 4.9 Translocations
 * Level 5.1 Evocations


You had 8 spell levels left.
You knew the following spells:

 Your Spells              Type           Power      Damage    Failure   Level
a - Apportation           Tloc           16%        N/A       71%         1

Your spell library contained the following spells:

 Spells                   Type           Power      Damage    Failure   Level
 Scorch                   Fire           0%         2d5       100%        2
 Conjure Flame            Conj/Fire      0%         6-21      100%        3
 Ignite Poison            Fire/Tmut/Pois 0%         N/A       100%        3
 Flame Wave               Conj/Fire      0%         3d3       100%        4
 Sticky Flame             Conj/Fire      0%         2d3       100%        4
 Animate Skeleton         Necr           Unusable   N/A       N/A         1
 Summon Small Mammal      Summ           Unusable   N/A       N/A         1
 Summon Cactus Giant      Summ           Unusable   N/A       N/A         6

Dungeon Overview and Level Annotations

Branches:
Dungeon (9/15)             Temple (1/1) D:7            Lair (0/6) D:8
Ossuary (visited)
    Orc: D:9-12

Altars:
Ashenzari
Cheibriados
Dithmenos
Elyvilon
Fedhas
Gozag
Hepliaklqana
Kikubaaqudgha
Makhleb
Nemelex Xobeh
Okawaru
Qazlal
Ru
Sif Muna
Trog
Uskayaw
Vehumet
Wu Jian
Xom
Yredelemnul
Zin
The Shining One

Shops:
D:3 *   D:6 *

Annotations:
D:3 3 runed translucent doors, Zenkrye's ghost, amateur FoAK; rogsnak's ghost, amateur GnWz
D:8 Gastronok


Innate Abilities, Weirdness & Mutations

You are immune to sickness and miasma.
Your stone body is resilient. (AC +7)
You are immune to poison.
You resist negative energy. (rN+)
You are resistant to electric shocks. (rElec)
You are resistant to unholy torment.
You are immune to petrification.


Message History

You closely miss the orc warrior.
The orc warrior hits you with a +0 glaive.
You hit the orc warrior.
You feel better.
The orc warrior is lightly wounded.
You block the orc warrior's attack.
You closely miss the orc warrior.
The orc warrior is lightly wounded.
The orc warrior hits you but does no damage.
You hit the orc warrior.
The orc warrior is lightly wounded.
You block the orc warrior's attack.
You hit the orc warrior.
The orc warrior is moderately wounded.
The orc warrior hits you with a +0 glaive!
You hit the orc warrior.
You feel better.
The orc warrior is moderately wounded.
The orc warrior hits you with a +0 glaive.
You hit the orc warrior.
The orc warrior is heavily wounded.
The orc warrior hits you but does no damage.
The orc warrior hits you with a +0 glaive!
You are too injured to fight recklessly!
You are too injured to fight recklessly!
You are too injured to fight recklessly!
You are too injured to fight recklessly!
You are too injured to fight recklessly!
You are too injured to fight recklessly!
You are too injured to fight recklessly!
You are too injured to fight recklessly!
You hit the orc warrior but do no damage.
The orc warrior is heavily wounded.
The orc warrior hits you with a +0 glaive!
* * * LOW HITPOINT WARNING * * *
You closely miss the orc warrior.
The orc warrior is heavily wounded.
You block the orc warrior's attack.
You closely miss the orc warrior.
The orc warrior is heavily wounded.
The orc warrior hits you with a +0 glaive!
You die...

#...#.........#.####......#######
#.............#..# ##............
#.............##.####..##########
...##<......###.#....## ...
##........#.#.##.## #.
##.........#.##..#
#.............#.###
##.......)(.##.....######
##..#...##)@.####.......<###
#....#.#..#o.# ###...##.... ##
#..#....#..########.#####.
>...##....#............#####.
.....[.>...........#.......†.
....#....##........#.#.###...
...#....#..#...>.....#(# ####
#..#.#..........###.######
...##...#.........# #..##...


You could see an orc warrior.

Vanquished Creatures
  Harold (D:7)
  Erica (D:8)
  Pikel (D:6)
  Joseph (D:7)
  Sigmund (D:4)
  A shadow (D:9)
  2 wraiths
  A steam dragon (D:7)
  Menkaure (D:6)
  Duvessa (D:6)
  2 water moccasins (D:6)
  2 black bears
  3 orc warriors
  2 necrophages
  2 centaurs
  2 phantoms
  A kobold brigand (D:8)
  A bullfrog (D:6)
  A scorpion (D:7)
  Dowan (D:6)
  A wyvern skeleton (D:7)
  A water moccasin skeleton (D:5)
  8 killer bees (D:9)
  A howler monkey (D:4)
  A centaur zombie (D:8)
  Crazy Yiuf (D:4)
  6 orc priests
  2 hounds (D:6)
  A jelly (D:3)
  A bullfrog skeleton (D:5)
  2 centaur skeletons
  Jessica (D:2)
  4 iguanas
  A scorpion zombie (D:5)
  Natasha (thrice) (D:4)
  10 orc wizards
  Terence (D:1)
  A killer bee zombie (D:6)
  A hound zombie (D:5)
  A mummy (Ossuary)
  A howler monkey zombie (D:8)
  A howler monkey skeleton (D:5)
  11 adders
  2 shadow imps (D:7)
  2 white imps
  3 worms
  A dart slug (D:2)
  26 orcs
  11 endoplasms
  4 giant cockroaches (D:1)
  4 goblins
  7 hobgoblins
  9 kobolds
  A quokka (D:2)
  11 ball pythons
  4 bats
  2 frilled lizards
  6 gnoll skeletons (Ossuary)
  6 kobold skeletons (Ossuary)
  13 orc skeletons (Ossuary)
  9 rats
  A spectral hobgoblin (D:7)
211 creatures vanquished.

Vanquished Creatures (others)
  6 withered plants (D:3)
6 creatures vanquished.

Grand Total: 217 creatures vanquished

Notes
Turn   | Place    | Note
-------+----------+-------------------------------------------
     0 | D:1      | bande the Gargoyle Fighter began the quest for the Orb.
     0 | D:1      | Reached XP level 1. HP: 14/14 MP: 1/1
   199 | D:1      | Reached XP level 2. HP: 19/19 MP: 2/2
   539 | D:1      | Reached skill level 2 in Axes
   924 | D:1      | Reached XP level 3. HP: 24/24 MP: 3/3
  1261 | D:2      | Noticed Terence
  1271 | D:1      | Killed Terence
  1407 | D:2      | Reached XP level 4. HP: 28/29 MP: 4/4
  1435 | D:2      | Reached skill level 3 in Axes
  1692 | D:2      | Noticed Jessica
  1696 | D:2      | Killed Jessica
  1771 | D:2      | Reached XP level 5. HP: 33/33 MP: 5/5
  2315 | D:3      | Reached skill level 4 in Axes
  2334 | D:3      | Found Mosamn's Assorted Antiques.
  2405 | D:3      | Found a runed translucent gate.
  2406 | D:3      | Found a runed translucent gate.
  2407 | D:3      | Found a runed translucent gate.
  2408 | D:3      | Noticed rogsnak's ghost (amateur GnWz)
  2409 | D:3      | Noticed Zenkrye's ghost (amateur FoAK)
  2503 | D:3      | Found a faded altar of an unknown god.
  2686 | D:3      | Reached XP level 6. HP: 37/39 MP: 6/6
  3550 | D:3      | Reached XP level 7. HP: 4/44 MP: 7/7
  3880 | D:4      | Noticed Natasha
  3882 | D:4      | Killed Natasha
  3883 | D:4      | Reached skill level 5 in Axes
  4008 | D:4      | Noticed Natasha
  4015 | D:4      | Killed Natasha
  4074 | D:4      | Noticed Sigmund
  4095 | D:4      | Killed Sigmund
  4096 | D:4      | Reached skill level 5 in Fighting
  4096 | D:4      | Reached skill level 1 in Evocations
  4293 | D:4      | Found a runed translucent door.
  4294 | D:4      | Noticed Crazy Yiuf
  4338 | D:4      | Learned a level 1 spell: Apportation
  4385 | D:4      | Noticed Natasha
  4398 | D:4      | Killed Natasha
  4779 | D:4      | Killed Crazy Yiuf
  4852 | D:5      | Entered Level 5 of the Dungeon
  5034 | D:4      | Reached XP level 8. HP: 16/49 MP: 8/8
  5353 | D:5      | Reached skill level 5 in Armour
  5353 | D:5      | Reached skill level 1 in Translocations
  5584 | D:5      | Reached skill level 6 in Axes
  6356 | D:6      | Identified a scroll of acquirement
  6356 | D:6      | Acquired a +3 vampiric broad axe
  6417 | D:6      | Noticed Menkaure
  6425 | D:6      | Killed Menkaure
  6634 | D:6      | Noticed Pikel
  6654 | D:6      | Killed Pikel
  6655 | D:6      | Reached skill level 7 in Axes
  6655 | D:6      | Reached skill level 5 in Shields
  6655 | D:6      | Reached XP level 9. HP: 55/55 MP: 9/9
  6672 | D:6      | Noticed Duvessa
  6673 | D:6      | Noticed Dowan
  6680 | D:6      | Killed Duvessa
  6708 | D:6      | Killed Dowan
  7169 | D:6      | Identified the +0 robe "Iskuxto" {Fly rF+ Str+6 Int-5}
  7551 | D:6      | Found Busa's Serpentskin Sales.
  7652 | D:6      | You fall into a shaft and drop 3 floors!
  7667 | D:9      | Reached skill level 8 in Axes
  7740 | D:9      | Reached XP level 10. HP: 14/61 MP: 10/10
  7748 | D:9      | HP: 3/61 [centaur/arrow (9)]
  8048 | D:8      | Found a sand-covered staircase.
  8055 | Ossuary  | Entered an ossuary
  8349 | D:8      | Noticed Erica
  8370 | D:8      | Killed Erica
  8384 | D:8      | Noticed Gastronok
  8392 | D:8      | Reached skill level 9 in Axes
  8425 | D:7      | Noticed Joseph
  8439 | D:7      | Killed Joseph
  8467 | D:7      | Found a staircase to the Ecumenical Temple.
  8476 | Temple   | Entered the Ecumenical Temple
  8550 | Temple   | Became a worshipper of Warmaster Okawaru
  8638 | D:7      | Noticed Harold
  8650 | D:7      | Killed Harold
  8651 | D:7      | Reached skill level 5 in Evocations
  9307 | D:7      | Found a hazy altar of Hepliaklqana.
  9350 | D:7      | Slain by an orc warrior

Illustrated notes

Levels and vault maps discovered:
D:1:      dpeg_arrival_fog, layout_basic
D:2:      layout_rooms, corexii_hall_statues_t, uniq_terence, uniq_jessica
D:3:      layout_loops_ring, shapermc_ecumenical_altar_pompeii, serial_shops,
          nicolae_shop_overgrown_old_shop, gammafunk_ghost_cemetery,
          hangedman_glass_teeth
D:4:      layout_loops_ring, uniq_natasha, uniq_crazy_yiuf_cottage, uniq_sigmund
D:5:      layout_basic
D:6:      layout_loops_ring, guppyfry_shop_venom, uniq_duvessa, uniq_pikel,
          uniq_menkaure
D:7:      layout_rooms, nicolae_hepliaklqana_monster_ancestors,
          minmay_temple_entry_mini_moons, chequers_serial_rivers_micro_b,
          uniq_joseph, uniq_harold
D:8:      layout_rooms, lair_entry_dummy, lightli_ossuary_entry_decrepit_ruins,
          st_stairs_8, uniq_gastronok, uniq_erica, uniq_prince_ribbit1,
          uniq_maurice
D:9:      layout_basic, lemuel_another_geyser
Temple:   nicolae_temple_the_god_donut

Skill      XL: |  1  2  3  4  5  6  7  8  9 10 |
---------------+-------------------------------+-----
Axes           | 2 3 4 5 7 8 9 |  9.5
Fighting       | 4 5 6 7 |  7.2
Armour         | 4 5 6 7 |  7.1
Shields        | 4 5 6 |  6.1
Evocations     | 1 3 4 5 |  5.1
Translocations | 2 3 4 |  4.9

Action                   |  1- 3 |  4- 6 |  7- 9 | 10-12 || total
-------------------------+-------+-------+-------+-------++-------
Melee: War axe           |    80 |   180 |   176 |       ||   436
       Broad axe         |       |       |   186 |   189 ||   375
  Use: Scroll            |       |     1 |     6 |     7 ||    14
       Potion            |       |       |     6 |     1 ||     7
Armor: Scale mail        |    31 |       |       |       ||    31
       Plate armour      |    14 |   141 |   317 |   141 ||   613
Dodge: Dodged            |    48 |    55 |   117 |    49 ||   269
Block: Buckler           |    19 |    45 |   114 |    58 ||   236

Table legend: (Time is in decaauts)
 A = Elapsed time spent in this place.
 B = Non-inter-level travel time spent in this place.
 C = Inter-level travel time spent in this place.
 D = Time resting spent in this place.
 E = Time spent auto-exploring this place.
 F = Levels seen in this place.
 G = Mean time per level.
                   A        B        C        D        E       F      G
               +--------+--------+--------+--------+--------+-----+--------+
         Total |   9570 |   9335 |    235 |   2366 |   4659 |  11 |  870.0 |
       Dungeon |   9224 |   8989 |    235 |   2366 |   4525 |   9 | 1024.9 |
        Temple |    100 |    100 |      0 |      0 |      0 |   1 |  100.0 |
       Ossuary |    245 |    245 |      0 |      0 |    134 |   1 |  245.0 |
               +--------+--------+--------+--------+--------+-----+--------+

Top non-repeatable levels by time:
     D:3: 1561 daAuts
     D:4: 1544 daAuts
     D:6: 1524 daAuts
     D:1: 1384 daAuts
     D:5: 1040 daAuts
     D:2: 965 daAuts
     D:7: 637 daAuts
     D:9: 354 daAuts
 Ossuary: 245 daAuts
     D:8: 212 daAuts
  Temple: 100 daAuts
